[Event "Titled Tuesday Blitz February 01 B 2022"]
[White "Kosakowski, Jakub"]
[Black "Boros, Denes"]
[WhiteFideId "1185080"]
[BlackFideId "722340"]
[WhiteElo "2476"]
[BlackElo "2464"]
[Result "0-1"]
[Round "09"]
[TimeControl "180+1"]
[Date "2022.02.01"]
[WhiteClock "0:00:45"]
[BlackClock "0:00:39"]

1. g4 h6 2. Bg2 Nf6 3. h3 e5 4. c4 Bc5 5. Nc3 Nc6 6. a3 a5 7. d3 d6 8. Nf3 Be6 9. Bd2 Qd7 10. Na4 Ba7 11. Nc3 Bc5 12. Na4 e4 13. Nxc5 dxc5 14. dxe4 Nxe4 15. Qc2 Nxd2 16. Nxd2 Rd8 17. Ne4 Nd4 18. Qc3 O-O 19. e3 Nc6 20. Nxc5 Qc8 21. O-O h5 22. Nxe6 Qxe6 23. gxh5 Qf5 24. Rad1 Qxh5 25. Rd5 Qg6 26. Rfd1 Rd6 27. Rxd6 cxd6 28. Qd3 Qf6 29. b3 Re8 30. Qxd6 Rd8 31. c5 Rxd6 32. cxd6 Nd8 33. Rd4 Qe5 34. d7 Kh7 35. Rh4+ Kg6 36. Rg4+ Kh6 37. Rh4+ Kg6 38. Rg4+ Kh7 39. Rh4+ Kg8 40. Re4 Qc7 41. Rd4 Qc1+ 42. Kh2 Qxa3 43. Bd5 Kf8 44. Bc4 Qc5 0-1


[Site "https://www.chess.com"]

[Event "Titled Tuesday Blitz February 01 B 2022"]
[White "Kravtsiv, Martyn"]
[Black "Niemann, Hans Moke"]
[WhiteFideId "14113147"]
[BlackFideId "2093596"]
[WhiteElo "2694"]
[BlackElo "2636"]
[Result "0-1"]
[Round "09"]
[TimeControl "180+1"]
[Date "2022.02.01"]
[WhiteClock "0:00:06"]
[BlackClock "0:00:06"]

1. e4 e5 2. Nf3 Nc6 3. Nc3 Nf6 4. a4 h6 5. Bb5 a6 6. Bxc6 dxc6 7. Nxe5 Nxe4 8. Nxe4 Qd4 9. O-O Qxe5 10. Re1 Be6 11. d4 Qf5 12. c4 O-O-O 13. b3 Bb4 14. Re3 Rhe8 15. Bb2 Qg6 16. Qe2 f5 17. Nc5 Bxc5 18. dxc5 f4 19. Re5 Rd3 20. f3 Bd7 21. Rxe8+ Bxe8 22. Re1 Re3 23. Qd2 Rxb3 24. Rd1 Qg5 25. Bxg7 Qxc5+ 26. Kh1 Qd6 27. Qc2 Re3 28. h3 Qe6 29. Qd2 b6 30. Bd4 Re2 31. Qxf4 c5 32. Bf6 Bxa4 33. Bd8 Qe5 34. Qg4+ Kb7 35. Rg1 Bc6 36. Bh4 h5 37. Qg6 a5 38. Bg3 Qe6 39. Qg7 Qd7 40. Qh6 Bxf3 41. Kh2 Qc6 42. Qf4 Bxg2 43. Bf2 Bf3 0-1


[Site "https://www.chess.com"]

[Event "Titled Tuesday Blitz February 01 B 2022"]
[White "Lenderman, Aleksandr"]
[Black "Yoo, Christopher Woojin"]
[WhiteFideId "2021285"]
[BlackFideId "30909694"]
[WhiteElo "2651"]
[BlackElo "2105"]
[Result "0-1"]
[Round "09"]
[TimeControl "180+1"]
[Date "2022.02.01"]
[WhiteClock "0:00:01"]
[BlackClock "0:00:08"]

1. d4 Nf6 2. Bg5 Ne4 3. Bf4 d5 4. Nd2 Bf5 5. e3 e6 6. Nxe4 Bxe4 7. Nf3 Nd7 8. Bd3 Bd6 9. Bxd6 cxd6 10. O-O O-O 11. Bxe4 dxe4 12. Nd2 d5 13. c4 Qb6 14. Qb3 Nf6 15. Rfc1 Rfc8 16. Rc3 Qa6 17. Rac1 Rc6 18. cxd5 exd5 19. Rxc6 bxc6 20. Nb1 Rc8 21. Qa3 Qe2 22. Nc3 Qd2 23. Rd1 Qc2 24. Qb3 Qxb3 25. axb3 Rb8 26. Ra1 Rxb3 27. Rxa7 h5 28. Ra2 Nd7 29. Na4 g5 30. Kf1 f5 31. Ra3 Rb4 32. b3 f4 33. Ke2 Kf7 34. Kd2 Ke6 35. Kc3 Rb8 36. Ra2 Kd6 37. b4 Ra8 38. Kb3 f3 39. g3 Nf6 40. h3 h4 41. g4 Nd7 42. Rc2 Rb8 43. Rc1 Nf6 44. Nc3 Ra8 45. b5 Rb8 46. Ra1 Nd7 47. Ra6 Rb6 48. Kb4 cxb5 49. Ra7 Rc6 50. Nxb5+ Ke6 51. Nc7+ Kd6 52. Nxd5 Rc2 53. Nc3 Nf6 54. Ra6+ Ke7 55. Kb3 Rc1 56. d5 Rh1 57. Nxe4 Nxe4 58. Re6+ Kd7 59. Rxe4 Rxh3 60. Re5 Rh2 61. Rxg5 Rxf2 62. Rh5 Re2 63. Rxh4 f2 64. Rh7+ Ke8 65. Rh8+ Kf7 66. Rh7+ Kg6 67. Rh1 Re1 0-1


[Site "https://www.chess.com"]

[Event "Titled Tuesday Blitz February 01 B 2022"]
[White "Loay, Sameer"]
[Black "Gaehwiler, Gabriel"]
[WhiteFideId "8104239"]
[BlackFideId "1314530"]
[WhiteElo "2040"]
[BlackElo "2383"]
[Result "0-1"]
[Round "09"]
[TimeControl "180+1"]
[Date "2022.02.01"]
[WhiteClock "0:00:20"]
[BlackClock "0:01:33"]

1. Nf3 Nf6 2. g3 b6 3. Bg2 Bb7 4. O-O g6 5. d3 Bg7 6. e4 O-O 7. c3 c5 8. Nbd2 Nc6 9. e5 Nd5 10. Re1 d6 11. e6 fxe6 12. Ng5 Nc7 13. Nxe6 Nxe6 14. Rxe6 Qd7 15. Bd5 Kh8 16. Qa4 Rf5 17. Qe4 Rxd5 18. Nc4 Ne5 19. Nxe5 Qxe6 20. c4 Qxe5 21. cxd5 Bxd5 22. Qxe5 Bxe5 23. Bg5 Bf6 24. Bxf6+ exf6 25. Re1 Bxa2 26. Re7 Kg8 27. f4 Bf7 28. Rd7 d5 29. Kf2 Kf8 30. f5 Ke8 31. Rc7 gxf5 32. Kf3 Rd8 33. Kf4 Rd7 34. Rc8+ Ke7 35. Kxf5 Bg6+ 36. Kf4 Bxd3 37. g4 Bg6 38. h4 d4 39. h5 Bf7 40. b4 d3 41. bxc5 bxc5 42. g5 fxg5+ 43. Ke5 d2 44. h6 Rd5+ 45. Ke4 d1=Q 46. Rc7+ Kd8 0-1


[Site "https://www.chess.com"]

[Event "Titled Tuesday Blitz February 01 B 2022"]
[White "Mirzoev, Azer"]
[Black "Ronka, Erik"]
[WhiteFideId "13400304"]
[BlackFideId "505080"]
[WhiteElo "2525"]
[BlackElo "2264"]
[Result "1-0"]
[Round "09"]
[TimeControl "180+1"]
[Date "2022.02.01"]
[WhiteClock "0:00:40"]
[BlackClock "0:00:07"]

1. Nf3 Nf6 2. b4 g6 3. Bb2 Bg7 4. c4 O-O 5. g3 d6 6. Bg2 e5 7. O-O Nc6 8. b5 Ne7 9. d4 exd4 10. Nxd4 Nd7 11. Nd2 Nc5 12. a4 Nf5 13. e3 a5 14. Ra2 Re8 15. N2b3 Nxb3 16. Nxb3 Bxb2 17. Rxb2 Qf6 18. Rd2 Qc3 19. Qc2 Qxc2 20. Rxc2 Rb8 21. c5 Be6 22. Nxa5 dxc5 23. Nxb7 c4 24. Nc5 Nd6 25. Rd1 Bf5 26. Rc3 Bg4 27. Rd4 Be2 28. h4 Nf5 29. Rd2 Bh5 30. Rxc4 Nd6 31. Rc3 Re5 32. Na6 Nxb5 33. axb5 Rbxb5 34. Nxc7 Rb1+ 35. Kh2 Bg4 36. Nd5 Kg7 37. Nf4 Bf5 38. Rc7 h6 39. Ne2 g5 40. Nd4 Bg4 41. Ra2 gxh4 42. gxh4 h5 43. Raa7 Kg6 44. Rxf7 Rb2 45. Rg7+ Kh6 46. Rh7+ Kg6 47. Rag7+ Kf6 48. Kg3 Bf5 49. Rf7+ Kg6 50. Nxf5 Rxf2 51. Rhg7# 1-0


[Site "https://www.chess.com"]

[Event "Titled Tuesday Blitz February 01 B 2022"]
[White "Moroni, Luca Jr"]
[Black "Cori T., Deysi"]
[WhiteFideId "865834"]
[BlackFideId "3801934"]
[WhiteElo "2573"]
[BlackElo "2350"]
[Result "1-0"]
[Round "09"]
[TimeControl "180+1"]
[Date "2022.02.01"]
[WhiteClock "0:00:23"]
[BlackClock "0:00:09"]

1. d4 f5 2. Nf3 Nf6 3. g3 g6 4. Bg2 Bg7 5. b3 d6 6. Bb2 O-O 7. O-O c6 8. c4 Bd7 9. Nbd2 Qe8 10. Qc2 Na6 11. Rae1 Kh8 12. a3 Nc7 13. e4 f4 14. e5 dxe5 15. Nxe5 Rd8 16. Ndf3 Nh5 17. g4 Nf6 18. h3 Ne6 19. Re2 Bc8 20. Rfe1 Ng8 21. g5 Nc7 22. Nh4 Bf5 23. Nxf5 Rxf5 24. h4 f3 25. Nxf3 Rf4 26. d5 Qf8 27. dxc6 bxc6 28. Bxg7+ Qxg7 29. Re3 Rdf8 30. Qd2 Ne8 31. Qd7 Nd6 32. Qxa7 Nf5 33. Rd3 Nxh4 34. Nxh4 Rxh4 35. Rf3 h6 36. gxh6 Qxh6 37. Rxf8 Qxf8 38. Qe3 Qf6 39. Qe5 Rg4 40. a4 Kg7 41. a5 Rg5 42. Qxf6+ Nxf6 43. Ra1 Ne8 44. a6 Nc7 45. a7 Na8 46. Kf1 Rc5 47. Ra6 Kf7 48. Bxc6 Nc7 49. a8=Q Nxa8 50. Bxa8 Rf5 51. Be4 Rf4 52. f3 Rh4 53. Rxg6 Rxe4 54. fxe4 Kxg6 55. Ke2 Kf6 56. Ke3 Ke5 57. Kd3 Kd6 58. Kd4 e5+ 59. Kc3 Kc5 60. b4+ Kc6 61. c5 Kb5 62. Kb3 Kc6 63. Kc4 Kc7 64. b5 Kd7 65. Kd5 Ke7 66. Kxe5 1-0


[Site "https://www.chess.com"]

[Event "Titled Tuesday Blitz February 01 B 2022"]
[White "Nakamura, Hikaru"]
[Black "Martinez Alcantara, Jose Eduardo"]
[WhiteFideId "2016192"]
[BlackFideId "3805662"]
[WhiteElo "2850"]
[BlackElo "2690"]
[Result "1/2-1/2"]
[Round "09"]
[TimeControl "180+1"]
[Date "2022.02.01"]
[WhiteClock "0:00:25"]
[BlackClock "0:00:10"]

1. Nf3 c5 2. b3 Nf6 3. Bb2 e6 4. g3 b6 5. Bg2 Bb7 6. O-O Be7 7. c4 O-O 8. d4 cxd4 9. Qxd4 d6 10. Rd1 Nbd7 11. Nc3 a6 12. Ne1 Qc7 13. e4 Rac8 14. Nc2 Qb8 15. Ne3 Rfd8 16. Rac1 Nc5 17. f3 Ba8 18. Qd2 Ncd7 19. Qe2 Rc7 20. Ba3 Rcc8 21. Rc2 Bf8 22. Rcd2 Ne8 23. Bb2 Nef6 24. Bf1 Bc6 25. Qf2 b5 26. cxb5 axb5 27. Ne2 d5 28. Nd4 Bc5 29. exd5 Nxd5 30. Nxc6 Rxc6 31. Bd4 Bxd4 32. Rxd4 N7f6 33. f4 Rcd6 34. Nxd5 Rxd5 35. Rxd5 Nxd5 36. Rd3 Rc8 37. h3 g6 38. Bg2 Rc1+ 39. Kh2 Qd6 40. a4 bxa4 41. bxa4 Qc6 42. a5 Ra1 43. Qd2 Qa4 44. Rd4 Qxa5 45. Qxa5 Rxa5 46. Bxd5 Rxd5 47. Ra4 Rd2+ 48. Kg1 h5 49. h4 Kg7 50. Ra7 Kf6 51. Kf1 Rb2 52. Rc7 Ra2 53. Rb7 Kg7 54. Rc7 Kf8 55. Rb7 Ke8 56. Rb8+ Ke7 57. Rb7+ Kf6 58. Rc7 Rd2 59. Rb7 Rd5 60. Kf2 Kg7 61. Ra7 Rf5 62. Ke3 e5 63. fxe5 Rxe5+ 64. Kf3 Rf5+ 65. Kg2 1/2-1/2


[Site "https://www.chess.com"]

[Event "Titled Tuesday Blitz February 01 B 2022"]
[White "Naroditsky, Daniel"]
[Black "Steinberg, Nitzan"]
[WhiteFideId "2026961"]
[BlackFideId "2801795"]
[WhiteElo "2608"]
[BlackElo "2440"]
[Result "1-0"]
[Round "09"]
[TimeControl "180+1"]
[Date "2022.02.01"]
[WhiteClock "0:00:06"]
[BlackClock "0:00:02"]

1. e4 c5 2. Nf3 d6 3. Bb5+ Bd7 4. Bxd7+ Nxd7 5. O-O Ngf6 6. Re1 g6 7. c3 Bg7 8. d4 O-O 9. e5 dxe5 10. dxe5 Ng4 11. e6 Nde5 12. Nxe5 Nxe5 13. Qe2 fxe6 14. Rd1 Qc8 15. Be3 Qc6 16. Na3 a6 17. h3 b5 18. Bg5 Rf7 19. Nc2 Raf8 20. Bh4 Nc4 21. Rab1 Rf4 22. Bg3 Re4 23. Qf1 Be5 24. Bxe5 Rxe5 25. b3 Nd6 26. f3 Rg5 27. Qe2 Nf5 28. Ne3 Ng3 29. Qe1 Nh5 30. Ng4 Nf4 31. Qh4 Rh5 32. Qxe7 Nxh3+ 33. gxh3 Qxf3 34. Qxe6+ Kh8 35. Qe3 Qc6 36. Rf1 Re8 37. Qf3 Qc7 38. Rbe1 Rd8 39. Qf6+ Kg8 40. Qe6+ Kh8 41. Qf6+ Kg8 42. Rf3 Rf5 43. Nh6# 1-0


[Site "https://www.chess.com"]

[Event "Titled Tuesday Blitz February 01 B 2022"]
[White "Papp, Petra"]
[Black "Fishbein, Alexander"]
[WhiteFideId "739049"]
[BlackFideId "2000377"]
[WhiteElo "2259"]
[BlackElo "2442"]
[Result "0-1"]
[Round "09"]
[TimeControl "180+1"]
[Date "2022.02.01"]
[WhiteClock "0:00:51"]
[BlackClock "0:01:43"]

1. d4 Nf6 2. c4 g6 3. Nc3 Bg7 4. e4 O-O 5. h3 d6 6. Be3 c6 7. Nf3 e5 8. Be2 exd4 9. Nxd4 Re8 10. Qc2 Qe7 11. Bd3 Na6 12. f3 Nb4 13. Qd2 Nxd3+ 14. Qxd3 d5 15. cxd5 cxd5 16. e5 Qxe5 17. Kf2 Nh5 18. Rhe1 Qg3+ 19. Kf1 Bxh3 20. gxh3 Qxh3+ 21. Ke2 Nf4+ 22. Kd2 Nxd3 23. Kxd3 Bxd4 24. Bxd4 Qxf3+ 25. Kc2 Rxe1 26. Rxe1 a5 27. a4 h5 28. Re7 h4 0-1


[Site "https://www.chess.com"]

[Event "Titled Tuesday Blitz February 01 B 2022"]
[White "Paravyan, David"]
[Black "Salinas Herrera, Pablo"]
[WhiteFideId "4194985"]
[BlackFideId "3407128"]
[WhiteElo "2569"]
[BlackElo "2541"]
[Result "0-1"]
[Round "09"]
[TimeControl "180+1"]
[Date "2022.02.01"]
[WhiteClock "0:00:04"]
[BlackClock "0:00:06"]

1. e4 c5 2. Nf3 e6 3. d4 cxd4 4. Nxd4 a6 5. a3 Qc7 6. c4 Nf6 7. Nc3 d6 8. Be3 b6 9. Rc1 Bb7 10. f3 Nbd7 11. g4 h6 12. Kd2 Ne5 13. Kc2 Rc8 14. Kb1 Qb8 15. Qb3 Nfd7 16. Be2 Nc5 17. Qd1 Be7 18. h4 Nc6 19. b4 Nd7 20. Nb3 Nce5 21. Na4 O-O 22. h5 b5 23. cxb5 axb5 24. Nc3 Nc4 25. Bxc4 bxc4 26. Na5 Ne5 27. g5 hxg5 28. h6 gxh6 29. Rxh6 Kg7 30. Rh5 Rh8 31. Bxg5 Rxh5 32. Bxe7 Ng6 33. Bxd6 Qa8 34. Qd4+ Kg8 35. Rg1 e5 36. Qb6 Bc6 37. Be7 Bd7 38. Rxg6+ Kh7 39. Rg1 Be6 40. Bf6 Rg8 41. Qf2 Qf8 42. Rxg8 Qxg8 43. f4 exf4 44. Bd4 Qg4 45. Kb2 f3 46. a4 Qf4 47. Nd1 Rh2 48. Kc3 Rxf2 49. Bxf2 Qc1+ 0-1


[Site "https://www.chess.com"]

[Event "Titled Tuesday Blitz February 01 B 2022"]
[White "Quintiliano Pinto, Renato R."]
[Black "Larino Nieto, David"]
[WhiteFideId "2117568"]
[BlackFideId "2256444"]
[WhiteElo "2439"]
[BlackElo "2532"]
[Result "1-0"]
[Round "09"]
[TimeControl "180+1"]
[Date "2022.02.01"]
[WhiteClock "0:01:44"]
[BlackClock "0:01:03"]

1. c4 e6 2. Nc3 b6 3. e4 Bb7 4. Bd3 c5 5. Nge2 Nc6 6. O-O g5 7. Bc2 Nd4 8. Nxd4 cxd4 9. Ne2 Bg7 10. d3 h5 11. f4 gxf4 12. Bxf4 Ne7 13. Bg5 f6 14. Bd2 h4 15. Nf4 Qc7 16. Nh5 Bf8 17. Nxf6+ Kd8 18. Qg4 Bc6 19. Bf4 e5 20. Bg5 Kc8 21. Nd5 Bxd5 22. cxd5 Kb7 23. Rac1 Qd6 24. Rf6 Qc7 25. Ba4 Qd8 26. Bxd7 Rg8 27. Bc6+ Nxc6 28. dxc6+ Ka6 29. Qd1 1-0


[Site "https://www.chess.com"]

[Event "Titled Tuesday Blitz February 01 B 2022"]
[White "Ramirez, Alejandro"]
[Black "Kobalia, Mikhail"]
[WhiteFideId "6500617"]
[BlackFideId "4119150"]
[WhiteElo "2694"]
[BlackElo "2667"]
[Result "1-0"]
[Round "09"]
[TimeControl "180+1"]
[Date "2022.02.01"]
[WhiteClock "0:00:14"]
[BlackClock "0:00:05"]

1. c4 c6 2. Nf3 d5 3. e3 Nf6 4. Nc3 e6 5. b3 Bd6 6. Bb2 O-O 7. Be2 Re8 8. Qc2 e5 9. cxd5 cxd5 10. Nb5 Nc6 11. Nxd6 Qxd6 12. O-O d4 13. exd4 e4 14. Ne5 Nxd4 15. Bxd4 Qxd4 16. Nc4 Be6 17. Qc3 Red8 18. Rfd1 Rac8 19. Rac1 h6 20. h3 Qxc3 21. dxc3 Rxd1+ 22. Rxd1 Nd5 23. Nd6 Rxc3 24. Nxe4 Rc2 25. Bc4 Nf4 26. Rd8+ Kh7 27. Bxe6 Nxe6 28. Rd7 Re2 29. f3 Nf4 30. Rxf7 Nxg2 31. Rxb7 Rxa2 32. Nf6+ Kg6 33. Ne8 Nf4 34. Rxg7+ Kf5 35. Rf7+ Ke5 36. h4 Ne2+ 37. Kf1 Nd4 38. b4 Nf5 39. Ng7 Nxh4 40. b5 Ng6 41. Rf5+ Kd4 42. Rf6 Ne5 43. Nf5+ Kd3 44. f4 Ng4 45. Rg6 Nh2+ 46. Kg1 1-0


[Site "https://www.chess.com"]

[Event "Titled Tuesday Blitz February 01 B 2022"]
[White "Senthil Maran K"]
[Black "Dobrov, Vladimir"]
[WhiteFideId "25035681"]
[BlackFideId "4136594"]
[WhiteElo "2194"]
[BlackElo "2614"]
[Result "0-1"]
[Round "09"]
[TimeControl "180+1"]
[Date "2022.02.01"]
[WhiteClock "0:00:03"]
[BlackClock "0:01:28"]

1. Nf3 d5 2. d4 Nf6 3. g3 Nbd7 4. Bg2 e6 5. O-O Be7 6. Nbd2 b5 7. a4 b4 8. c4 bxc3 9. bxc3 Ba6 10. c4 O-O 11. Qc2 Rb8 12. Rd1 c5 13. cxd5 Nxd5 14. Ne4 Rc8 15. dxc5 Nxc5 16. Nfg5 Nxe4 17. Qxe4 Bxg5 18. Bb2 Bf6 19. Bd4 Bxd4 20. Rxd4 Qf6 21. h3 Nc3 22. Qh4 Qxd4 0-1


[Site "https://www.chess.com"]

[Event "Titled Tuesday Blitz February 01 B 2022"]
[White "Stoleriu, George"]
[Black "Villegas, Pierre"]
[WhiteFideId "1227505"]
[BlackFideId "654183"]
[WhiteElo "2203"]
[BlackElo "2410"]
[Result "1-0"]
[Round "09"]
[TimeControl "180+1"]
[Date "2022.02.01"]
[WhiteClock "0:00:10"]
[BlackClock "0:00:01"]

1. e4 c6 2. Nf3 d5 3. exd5 cxd5 4. Ne5 Nc6 5. d4 Nf6 6. Bb5 Bd7 7. Nxd7 Qxd7 8. c3 e6 9. O-O Bd6 10. Nd2 O-O 11. Qe2 a6 12. Bd3 e5 13. dxe5 Nxe5 14. Nf3 Rfe8 15. Nxe5 Bxe5 16. Qf3 d4 17. c4 Bd6 18. Bg5 Ng4 19. Bf4 Ne5 20. Bxe5 Bxe5 21. Be4 Rab8 22. Bd5 Qc7 23. g3 Bf6 24. Rfe1 b6 25. Bc6 Re7 26. Rxe7 Qxe7 27. Kf1 Qb4 28. b3 Rd8 29. Re1 d3 30. Bd5 d2 31. Rd1 Re8 32. Kg2 Qc3 33. Qf4 h6 34. Qxd2 Qxd2 35. Rxd2 Kf8 36. Bc6 Rd8 37. Bd5 a5 38. f4 Be7 39. Kf3 Bc5 40. Rd3 Rd7 41. g4 Ke7 42. h4 Rd8 43. Rd1 Rd7 44. Re1+ Kf8 45. Rd1 Rd8 46. g5 hxg5 47. hxg5 g6 48. Rh1 Kg7 49. Re1 Kf8 50. Kg4 Re8 51. Be4 Kg7 52. Kf3 f5 53. gxf6+ Kxf6 54. Rg1 Rg8 55. Rd1 g5 56. Rd5 g4+ 57. Kg2 Re8 58. Rf5+ Kg7 59. Rg5+ Kf6 60. Bc6 1-0


[Site "https://www.chess.com"]

[Event "Titled Tuesday Blitz February 01 B 2022"]
[White "Sviridov, Valery"]
[Black "Svane, Rasmus"]
[WhiteFideId "4120680"]
[BlackFideId "4657101"]
[WhiteElo "2454"]
[BlackElo "2645"]
[Result "1-0"]
[Round "09"]
[TimeControl "180+1"]
[Date "2022.02.01"]
[WhiteClock "0:01:37"]
[BlackClock "0:00:03"]

1. d4 d5 2. Nf3 e6 3. e3 Nf6 4. Nbd2 c5 5. c3 b6 6. Bd3 Bb7 7. O-O Bd6 8. Ne5 O-O 9. f4 Ba6 10. Bxa6 Nxa6 11. Qf3 b5 12. g4 b4 13. g5 Nd7 14. Qe2 Nab8 15. Kh1 Bxe5 16. fxe5 Qxg5 17. cxb4 cxb4 18. Rg1 Qf5 19. e4 dxe4 20. Nxe4 Nc6 21. Bh6 g6 22. Rad1 Rfd8 23. Nd6 Qh3 24. Bg5 f6 25. Rg3 Qxg3 26. hxg3 fxg5 27. Qf3 Ndxe5 28. dxe5 Nxe5 29. Qf6 Nc6 30. Qxe6+ Kg7 31. Qf7+ Kh6 32. Kg2 g4 33. Rh1+ Kg5 34. Qf4# 1-0


[Site "https://www.chess.com"]

[Event "Titled Tuesday Blitz February 01 B 2022"]
[White "Urazayev, Arystanbek"]
[Black "Pranav, V"]
[WhiteFideId "13709810"]
[BlackFideId "25060783"]
[WhiteElo "2321"]
[BlackElo "2349"]
[Result "0-1"]
[Round "09"]
[TimeControl "180+1"]
[Date "2022.02.01"]
[WhiteClock "0:00:02"]
[BlackClock "0:00:06"]

1. e4 e5 2. Nf3 Nc6 3. Bb5 a6 4. Ba4 d6 5. c4 Nf6 6. d3 g6 7. Nc3 Bg7 8. Nd5 O-O 9. Bg5 Be6 10. O-O Bxd5 11. cxd5 Ne7 12. Rc1 h6 13. Bd2 Nh5 14. Ba5 Rc8 15. Qc2 b6 16. Bd2 f5 17. Bc6 g5 18. Bb7 Qd7 19. Bxa6 Ra8 20. Qxc7 Qxc7 21. Rxc7 Rxa6 22. Rxe7 Rxa2 23. Rb1 Nf6 24. exf5 Nxd5 25. Rd7 Rxf5 26. Rxd6 Nf4 27. Bxf4 exf4 28. Rxb6 Rd5 29. h3 Rxd3 30. b4 Rc3 31. b5 Rcc2 32. Rb8+ Kf7 33. Rf1 Bf6 34. Rb7+ Kg6 35. Rb6 h5 36. Ne5+ Kf5 37. Nd3 Rd2 38. Nb4 Rab2 39. Nc6 g4 40. hxg4+ hxg4 41. Rb8 g3 42. Rf8 gxf2+ 43. Kh2 Rxb5 44. Kh3 Rc5 45. Ne7+ Ke6 46. Ng8 Be5 47. Kg4 Rd3 48. Rxf2 Rg3+ 49. Kh4 Rc1 50. Re8+ Kf7 0-1


[Site "https://www.chess.com"]

[Event "Titled Tuesday Blitz February 01 B 2022"]
[White "Vakhlamov, Igor L."]
[Black "Lysyj, Igor"]
[WhiteFideId "24126748"]
[BlackFideId "4150120"]
[WhiteElo "2401"]
[BlackElo "2611"]
[Result "1/2-1/2"]
[Round "09"]
[TimeControl "180+1"]
[Date "2022.02.01"]
[WhiteClock "0:00:11"]
[BlackClock "0:00:55"]

1. e4 e5 2. Nf3 Nc6 3. Nc3 Nf6 4. Bb5 Bc5 5. O-O O-O 6. d3 d6 7. Bxc6 bxc6 8. h3 h6 9. Be3 Bxe3 10. fxe3 c5 11. Qe1 Be6 12. b3 Nh7 13. a4 c6 14. Qg3 g6 15. Rf2 Qa5 16. Ne2 Kg7 17. Raf1 Qc7 18. d4 cxd4 19. exd4 f6 20. dxe5 dxe5 21. Nh4 Ng5 22. Nxg6 Kxg6 23. h4 Kg7 24. hxg5 fxg5 25. Nd4 Bd7 26. Nf5+ Bxf5 27. Rxf5 Rxf5 28. Rxf5 Re8 29. Qf2 Re7 30. b4 Qb6 31. Qxb6 axb6 32. a5 bxa5 33. bxa5 Kg6 34. Kf1 Kh5 35. Ke2 Kg4 36. Kd3 h5 37. Kc4 h4 38. Kc5 Rg7 39. Kb6 Kg3 40. a6 g4 41. a7 Rxa7 42. Kxa7 Kxg2 43. Rxe5 h3 44. Rh5 h2 45. e5 g3 46. e6 h1=Q 47. Rxh1 Kxh1 48. e7 g2 49. e8=Q g1=Q+ 50. Kb7 c5 51. Qc6+ Kh2 52. c4 Qd4 53. Qb6 Qxc4 54. Kc6 Qe6+ 55. Kxc5 Qxb6+ 56. Kxb6 1/2-1/2


[Site "https://www.chess.com"]

[Event "Titled Tuesday Blitz February 01 B 2022"]
[White "Wachinger, Guenther"]
[Black "Rustemov, Alexander"]
[WhiteFideId "4604261"]
[BlackFideId "4119002"]
[WhiteElo "2212"]
[BlackElo "2768"]
[Result "1-0"]
[Round "09"]
[TimeControl "180+1"]
[Date "2022.02.01"]
[WhiteClock "0:00:46"]
[BlackClock "0:00:07"]

1. e4 e6 2. d4 d5 3. Nd2 dxe4 4. Nxe4 Bd7 5. Nf3 Bc6 6. Bd3 Nd7 7. Qe2 Ngf6 8. O-O Nxe4 9. Bxe4 Bxe4 10. Qxe4 c6 11. c4 Be7 12. b3 O-O 13. Bb2 Re8 14. Rad1 Qa5 15. a4 Rad8 16. Rfe1 Nf6 17. Qc2 h6 18. Ne5 Qc7 19. Qe2 a5 20. h3 Nd7 21. Bc3 Nxe5 22. Qxe5 Qxe5 23. dxe5 b6 24. Bd4 Rb8 25. Bc3 Red8 26. Kf1 Kf8 27. Ke2 Ke8 28. f3 h5 29. Ke3 g6 30. Ke4 Rxd1 31. Rxd1 b5 32. axb5 cxb5 33. Bxa5 bxc4 34. bxc4 Rb2 35. Rd2 Rb1 36. Kd4 Rc1 37. Bc3 Bc5+ 38. Kxc5 Rxc3 39. Kb5 Ke7 40. c5 Rb3+ 41. Kc6 Re3 42. Kb6 Rb3+ 43. Kc7 Rc3 44. c6 g5 45. Rd7+ Ke8 46. Kb7 Rb3+ 47. Kc8 Rb2 48. Rd3 Rxg2 49. Rc3 Rb2 50. Kc7 Ke7 51. Kc8 h4 52. Ra3 Rb1 53. Ra7+ Ke8 54. c7 Rb3 55. Rb7 Rxf3 56. Kb8 Rc3 57. c8=Q+ Rxc8+ 58. Kxc8 Kf8 59. Kd7 Kg7 60. Ke7 Kg6 61. Rb4 Kf5 62. Kxf7 Kxe5 63. Kg6 Kd5 64. Kxg5 e5 65. Kxh4 e4 66. Kg5 e3 67. Rb1 Ke4 68. h4 e2 69. h5 Kd3 70. h6 Kd2 71. Rb2+ Kd3 72. Rxe2 Kxe2 73. h7 Kd3 74. h8=Q Ke4 75. Qf6 Kd3 76. Qf4 Ke2 77. Qe4+ Kd2 78. Qf3 Kc2 79. Qe3 Kd1 80. Qf2 Kc1 81. Qe2 Kb1 82. Qd2 Ka1 83. Kf4 1-0


[Site "https://www.chess.com"]

[Event "Titled Tuesday Blitz February 01 B 2022"]
[White "Abdrlauf, Elham"]
[Black "Deac, Bogdan-Daniel"]
[WhiteFideId "1533533"]
[BlackFideId "1226380"]
[WhiteElo "2334"]
[BlackElo "2646"]
[Result "1-0"]
[Round "10"]
[TimeControl "180+1"]
[Date "2022.02.01"]
[WhiteClock "0:00:06"]
[BlackClock "0:00:07"]

1. e4 c5 2. Nf3 g6 3. d4 Bg7 4. Nc3 cxd4 5. Nxd4 Nc6 6. Be3 Nf6 7. Bc4 O-O 8. Bb3 Re8 9. f3 e6 10. f4 d6 11. Ndb5 Bf8 12. Qf3 a6 13. Nd4 Qc7 14. O-O-O Bg7 15. g4 e5 16. Nxc6 Bxg4 17. Qg3 Qxc6 18. Rdf1 exf4 19. Rxf4 Be6 20. Qf3 Nh5 21. Rxf7 Bxb3 22. axb3 Bxc3 23. bxc3 Qxc3 24. Rf1 Rac8 25. Rf2 Qa1+ 26. Kd2 Qc3+ 27. Kd1 d5 28. Rxb7 Qa1+ 29. Kd2 Qc3+ 30. Kd1 Rf8 31. Rf7 Rfe8 32. Rd7 Qa1+ 33. Kd2 Qc3+ 34. Kd1 Rf8 35. Rf7 Qa1+ 36. Bc1 Qd4+ 37. Bd2 Qxf2 38. Qxf2 Rxf7 39. Qd4 dxe4 40. Qxe4 Nf6 41. Qe6 Rd8 42. Kc1 Re8 43. Qxa6 Ne4 44. Be3 Nf6 45. Bd4 Nh5 46. Qb5 Rd8 47. Bc3 Ng7 48. Qb4 h6 49. Kb2 Kh7 50. Qb6 Re8 51. h4 Re6 52. Qc5 Re4 53. Bxg7 Kxg7 54. h5 Rg4 55. Qe5+ Kh7 56. Qe6 Rff4 57. Qe7+ Kg8 58. Qd8+ Kf7 59. Qd7+ Kf6 60. Qd6+ Kf7 61. hxg6+ Kg7 62. c4 h5 63. c5 Rf2+ 64. Ka3 Rf6 65. Qd7+ Kxg6 66. c6 Rg3 67. c7 Rff3 68. c8=Q Rxb3+ 69. Ka2 Ra3+ 70. Kb2 Rgb3+ 71. Kc2 Rc3+ 72. Qxc3 Rxc3+ 73. Kxc3 Kg5 74. Qh3 Kf4 75. Qxh5 1-0


[Site "https://www.chess.com"]

[Event "Titled Tuesday Blitz February 01 B 2022"]
[White "Andreikin, Dmitry"]
[Black "Bortnyk, Olexandr"]
[WhiteFideId "4158814"]
[BlackFideId "14120828"]
[WhiteElo "2736"]
[BlackElo "2723"]
[Result "1-0"]
[Round "10"]
[TimeControl "180+1"]
[Date "2022.02.01"]
[WhiteClock "0:01:09"]
[BlackClock "0:00:02"]

1. d4 d6 2. e4 Nf6 3. f3 e5 4. d5 a5 5. Be3 Be7 6. Nc3 Nfd7 7. Qd2 h6 8. O-O-O Bg5 9. Kb1 Bxe3 10. Qxe3 Qg5 11. Qf2 Nc5 12. h4 Qf6 13. Nge2 Bd7 14. Nc1 Nba6 15. Qe3 O-O-O 16. Bxa6 bxa6 17. Nd3 Nxd3 18. Qa7 Bb5 19. cxd3 Kd7 20. a4 Ra8 21. Qe3 Rhb8 22. axb5 axb5 23. Rc1 a4 24. Ne2 b4 25. Rc6 Rb7 26. Rhc1 a3 27. b3 a2+ 28. Ka1 Ra3 29. Qd2 Qxh4 30. Qc2 Qd8 31. Rxd6+ cxd6 32. Qc6+ Ke7 33. Qxb7+ Kf6 34. Qxb4 Ra6 35. Rc6 Rxc6 36. dxc6 Qc7 37. Qc4 Kg5 38. Nc3 Kh4 39. Nd5 Qa5 40. Qc3 Qa7 41. c7 Qg1+ 42. Kxa2 Qa7+ 43. Kb2 Qf2+ 44. Qc2 Qd4+ 45. Kb1 Qg1+ 46. Qc1 1-0


[Site "https://www.chess.com"]

[Event "Titled Tuesday Blitz February 01 B 2022"]
[White "Barp, Alberto"]
[Black "Kosakowski, Jakub"]
[WhiteFideId "872555"]
[BlackFideId "1185080"]
[WhiteElo "2229"]
[BlackElo "2476"]
[Result "0-1"]
[Round "10"]
[TimeControl "180+1"]
[Date "2022.02.01"]
[WhiteClock "0:00:24"]
[BlackClock "0:00:53"]

1. d4 h6 2. e4 b6 3. c4 Bb7 4. Bd3 g6 5. Be3 Bg7 6. Nc3 e6 7. Nf3 d6 8. O-O Ne7 9. Qd2 Nd7 10. b4 a6 11. a4 Kf8 12. Rfd1 Kg8 13. a5 Kh7 14. Qe2 bxa5 15. Rxa5 c5 16. Ra4 Nc6 17. dxc5 Bxc3 18. cxd6 Nxb4 19. Rc1 Nxd3 20. Qxd3 Bg7 21. c5 Bc6 22. Rxa6 Bxe4 23. Qa3 Rxa6 24. Qxa6 Nb8 25. Qc4 Bxf3 26. gxf3 Nc6 27. Rb1 Qd7 28. Rb6 Rc8 29. Qb5 Ne5 30. Qxd7 Nxd7 31. Rb7 Ne5 32. d7 Rd8 33. c6 Nxc6 34. Bb6 Bf6 35. Bxd8 Nxd8 36. Rc7 Kg7 37. Rc4 Kf8 38. Rc7 Be5 39. Ra7 Ke7 40. Kg2 Bd4 41. Ra4 Bc5 42. Rc4 Bd6 43. Ra4 Kxd7 44. h4 h5 45. f4 Ke7 46. Kf3 Kf6 47. Ra6 Be7 48. Rb6 Kg7 49. Ke4 Bxh4 50. Kf3 Be7 0-1


[Site "https://www.chess.com"]